Map: Oxide LE

Players

MaxPax - Winner!

  • Race: Protoss Protoss
  • League: Grandmaster

SKillous

  • Race: Protoss Protoss
  • League: Grandmaster

Event: DreamHack SC2 Masters 2021 Summer

VOD

Have the link to the VOD?

Description

Time

  • Played on: May 22, 2021, 1:42 p.m.
  • Length: 12:14

All games in this series

Show
View Real Time Build Order
Export as new Build Order

MaxPax Protoss - Winner!

Build Orders: Oracle Opening 

Get SALT Encoding   

  12  0:00  Probe  
  13  0:12  Probe  
  14  0:19  Pylon  
  14  0:24  Probe  
  15  0:37  Probe (Chrono Boost), Gateway  
  16  0:47  Probe (Chrono Boost), Assimilator  
  17  0:52  Probe (Chrono Boost)  
  18  1:03  Probe (Chrono Boost)  
  19  1:05  Assimilator  
  19  1:07  Pylon  
  19  1:15  Probe (Chrono Boost)  
  21  1:25  Probe (Chrono Boost), Cybernetics Core  
  21  1:28  Zealot  
  23  1:37  Probe  
  24  1:49  Probe  
  25  2:01  Probe, Adept (Chrono Boost)  
  28  2:10  Stargate  
  28  2:13  Pylon  
  28  2:14  Probe  
  29  2:20  Warp Gate  
  29  2:22  Adept  
  31  2:47  Void Ray (Chrono Boost)  
  31  2:48  Nexus  
  30  2:56  Probe  
  35  3:08  Probe  
  35  3:10  Pylon  
  36  3:25  Oracle (Chrono Boost)  
  39  3:29  Probe  
  40  3:35  Gateway  
  40  3:37  Stalker  
  42  3:41  Probe  
  43  3:56  Oracle (Chrono Boost)  
  43  4:01  Probe  
  47  4:06  Probe  
  46  4:13  Probe  
  45  4:18  Probe  
  45  4:21  Twilight Council  
  46  4:25  Probe  
  46  4:30  Probe, Stalker  
  50  4:34  Shield Battery  
  50  4:37  Probe  
  51  4:39  Assimilator  
  51  4:42  Probe  
  52  4:49  Probe  
  53  4:54  Probe  
  53  4:58  Blink (Chrono Boost)  
  54  5:01  Probe, Stalker  
  54  5:05  Forge  
  54  5:06  Gateway  
  54  5:07  Probe  
  58  5:10  Pylon  
  58  5:13  Probe  
  56  5:16  Gateway  
  56  5:19  Probe  
  57  5:26  Stalker x2  
  61  5:29  Pylon  
  61  5:44  Nexus  
  61  5:49  Protoss Ground Weapons Level 1  
  61  5:51  Photon Cannon, Stalker  
  61  5:53  Stalker  
  65  6:03  Stalker  
  67  6:05  Probe x2  
  69  6:12  Stalker  
  69  6:14  Pylon  
  69  6:17  Stalker  
  73  6:19  Stalker  
  73  6:20  Probe  
  76  6:27  Probe  
  76  6:28  Pylon  
  76  6:32  Probe  
  78  6:39  Probe  
  79  6:44  Probe  
  78  6:51  Probe  
  75  6:56  Probe  
  75  6:57  Charge (Chrono Boost)  
  75  6:58  Stalker x4  
  82  7:01  Probe  
  82  7:03  Probe  
  82  7:06  Gateway  
  82  7:07  Shield Battery  
  85  7:08  Probe  
  85  7:12  Shield Battery  
  85  7:13  Probe  
  85  7:15  Probe, Pylon  
  87  7:26  Stalker  
  87  7:30  Stalker x3  
  87  7:32  Probe  
  87  7:33  Probe  
  87  7:35  Robotics Facility  
  95  7:38  Probe, Gateway  
  95  7:41  Photon Cannon  
  96  7:48  Pylon  
  96  7:53  Assimilator  
  96  7:59  Protoss Ground Weapons Level 2 (Chrono Boost)  
  96  8:04  Probe  
  97  8:06  Stalker  
  99  8:13  Templar Archives  
  99  8:15  Pylon  
  99  8:16  Gateway  
  99  8:20  Gateway  
  99  8:24  Pylon  
  93  8:44  Stalker x6  
  93  8:45  Photon Cannon  
  91  8:49  Shield Battery  
  89  8:56  Photon Cannon  
  89  9:09  Stalker x2  
  88  9:10  Stalker x3  
  88  9:12  Zealot x2  
  91  9:32  Zealot x6  
  91  9:33  Zealot x2  
  91  9:48  Probe x3  
  82  9:55  Stalker x2  
  82  9:56  Stalker x4  
  92  10:00  Probe x2  
  95  10:07  Pylon  
  95  10:12  Warp Prism (Chrono Boost)  
  96  10:14  Probe  
  97  10:21  High Templar x2  
  97  10:22  Zealot x3  
  97  10:25  Archon  
  97  10:27  Pylon  
  107  10:33  Zealot  
  107  10:34  Zealot x2  
  113  10:37  Observer (Chrono Boost)  
  113  10:42  Zealot x3  
  120  10:59  Zealot x5  
  130  11:04  Stalker x2  
  130  11:05  Zealot  
  136  11:16  Observer  
  127  11:20  Zealot x3  
  129  11:28  Probe  
  108  11:40  Zealot x3  
  108  11:41  Zealot x5  
  112  11:53  Probe  
  95  12:07  Zealot x4  
  95  12:09  Nexus  
Show
View Real Time Build Order
Export as new Build Order

SKillous Protoss 

Build Orders:  

Get SALT Encoding   

  12  0:00  Probe  
  13  0:12  Probe  
  14  0:19  Pylon  
  14  0:24  Probe  
  15  0:37  Probe (Chrono Boost)  
  15  0:38  Gateway  
  16  0:46  Probe (Chrono Boost), Assimilator  
  17  0:51  Probe  
  18  1:03  Probe  
  19  1:08  Pylon  
  19  1:10  Assimilator  
  19  1:15  Probe  
  20  1:26  Zealot  
  20  1:28  Cybernetics Core  
  20  1:30  Probe  
  23  1:42  Probe  
  25  1:54  Probe  
  25  2:03  Nexus  
  25  2:08  Probe  
  25  2:12  Stalker (Chrono Boost)  
  28  2:17  Warp Gate  
  28  2:22  Probe  
  28  2:35  Sentry  
  28  2:36  Gateway  
  30  2:41  Pylon  
  30  2:49  Probe  
  31  2:51  Shield Battery  
  31  3:02  Probe  
  31  3:05  Stalker  
  34  3:14  Probe  
  34  3:17  Probe  
  36  3:21  Shield Battery  
  36  3:27  Probe  
  36  3:28  Twilight Council  
  36  3:30  Probe  
  38  3:40  Probe  
  39  3:42  Probe  
  40  3:52  Shield Battery  
  41  3:58  Shield Battery  
  40  4:05  Blink (Chrono Boost), Stalker x2  
  40  4:07  Probe x2  
  46  4:19  Probe x2  
  48  4:26  Pylon  
  48  4:31  Probe  
  49  4:33  Gateway  
  49  4:36  Probe  
  50  4:43  Probe  
  50  4:45  Stalker  
  51  4:49  Stalker  
  51  4:50  Probe  
  49  4:55  Probe  
  48  5:02  Probe  
  49  5:07  Probe  
  50  5:14  Probe  
  50  5:15  Robotics Facility  
  50  5:17  Stalker  
  50  5:19  Probe, Stalker  
  56  5:25  Pylon  
  57  5:31  Probe  
  57  5:35  Nexus  
  57  5:36  Probe  
  57  5:40  Sentry  
  59  5:43  Probe  
  59  5:45  Stalker  
  62  5:50  Pylon  
  62  5:55  Pylon  
  62  5:58  Pylon  
  62  6:01  Assimilator  
  62  6:09  Gateway  
  62  6:14  Observer  
  62  6:16  Stalker x3  
  62  6:18  Shield Battery  
  69  6:20  Probe  
  70  6:26  Shield Battery  
  70  6:27  Shield Battery  
  70  6:29  Pylon  
  70  6:33  Gateway  
  71  6:40  Probe  
  71  6:41  Stalker  
  73  6:49  Probe (Chrono Boost)  
  73  6:51  Stalker  
  73  6:52  Probe (Chrono Boost)  
  73  6:54  Probe (Chrono Boost)  
  74  6:55  Charge  
  73  7:01  Probe (Chrono Boost)  
  73  7:05  Probe (Chrono Boost)  
  74  7:11  Probe (Chrono Boost)  
  74  7:13  Probe (Chrono Boost)  
  76  7:17  Stalker x2  
  78  7:29  Stalker x2  
  76  7:32  Gateway  
  76  7:34  Gateway  
  76  7:36  Warp Prism (Chrono Boost)  
  79  7:42  Sentry  
  80  7:46  Probe x3  
  80  7:50  Stalker  
  82  8:05  Stalker  
  82  8:06  Stalker x2  
  82  8:11  Probe  
  88  8:17  Stalker  
  88  8:25  Gateway  
  86  8:29  Gateway  
  86  8:34  Stalker x3  
  86  8:35  Stalker x2  
  89  8:50  Observer, Zealot  
  89  8:55  Zealot x2  
  89  9:03  Zealot x5  
  97  9:20  Zealot x3  
  101  9:30  Warp Prism  
  101  9:36  Probe  
  90  9:49  Zealot x8  
  86  10:11  Stalker  
  86  10:13  Stalker x6  
  100  10:17  Pylon  
  100  10:18  Pylon  
  100  10:19  Gateway, Pylon x2  
  100  10:25  Pylon  
  100  10:36  Pylon  
  100  10:37  Stalker  
  100  10:39  Zealot x4  
  108  11:01  Zealot x6  
  105  11:20  Zealot x3  
  105  11:22  Zealot x5  
  113  11:32  Zealot  
  85  11:40  Zealot x2  
  85  11:41  Zealot  
  85  11:46  Stalker x3  
  85  11:48  Stalker  
  85  11:49  Stalker  
  85  11:53  Zealot  
  66  12:01  Zealot x3  
Tags
 
Add a new tag
Caveats
  • Supply blocks, unpowered buildings, or Contaminate may cause inaccurate times.
  • Supply counts are checked every 10 seconds.